[Event "*** SCC Grand Prix: Titled Tuesday Blitz"]
[Site "Chess.com"]
[Date "2020.09.29"]
[Round "10"]
[White "Nikithebest"]
[Black "misterlamine"]
[Result "1-0"]
[WhiteElo "2424"]
[BlackElo "2301"]
[TimeControl "180+1"]
[EndTime "11:54:22 PDT"]
[Termination "Nikithebest won by resignation"]

1. e4 c5 2. Nf3 d6 3. Bb5+ Bd7 4.
Bxd7+ Nxd7 5. O-O g6 6. Qe2 Bg7 7. c3 e6 8. d4 Ne7 9. Rd1 Qc7 10. Bf4 cxd4 11. cxd4 e5 12. Be3 O-O 13. Nc3 f5 14. Ng5 Rf6 15. Nb5 Qc6 16. Rac1 Qa6 17. Qc4+ Kh8 18. Nf7+ Rxf7 19. Qxf7 Qxb5 20. Qxe7 f4 21. Rc7 fxe3 22. fxe3 Qe2 23. Rf1 Qxe3+ 24. Kh1 Qh6 25. Qxd7 Rg8 26. dxe5 Bxe5 27. h3 Bg7 28.
Qxd6 Qh5 29. Rxb7 Qe2 30. Rff7 Qe1+ 31. Kh2 Qxe4 32. Rxg7 Rxg7 33. Qf8+ Rg8 34. Qf6+ 1-0

[Event "*** SCC Grand Prix: Titled Tuesday Blitz"]
[Site "Chess.com"]
[Date "2020.09.29"]
[Round "10"]
[White "Makswolf200817"]
[Black "SophieNikoladze"]
[Result "1-0"]
[WhiteElo "2415"]
[BlackElo "2290"]
[TimeControl "180+1"]
[EndTime "11:54:22 PDT"]
[Termination "Makswolf200817 won by resignation"]

1. d4 b5 2. e4 Bb7 3. d5 a6 4. f4 e6 5. Nf3 exd5 6. exd5 Nf6 7. c4 Bb4+ 8. Nc3 Qe7+ 9. Qe2 bxc4 10. Qxe7+ Kxe7 11. Bxc4 Nxd5 12. a3 Nxc3 13. axb4 Ne4 14. Be3 d5 15. Bd3 Nd7 16. Bd4 f6 17. O-O Kf7 18. Rfc1 Rhc8 19. f5 c5 20. bxc5 Ndxc5 21. Bc2 Rc7 22. b4 Nd7 23. Bxe4 Rxc1+ 24. Rxc1 dxe4 25.
Nd2 Bd5 26. Rc7 Ke8 27. Kf2 Rb8 28. Bc3 Kd8 29. Ra7 Rb6 30. Ke3 Rc6 31. Kd4 Rd6 32.
Nxe4 Bxe4+ 33. Kxe4 Kc8 34. Ra8+ Nb8 35. Bd4 Rd7 36.
Ra7 Nc6 37. Rxd7 Kxd7 38. Bc5 Ne5 39. Bf8 g6 40. h3 Kc6 41. Be7 Nd7 42. g4 Kb5 43.
Kd5 Nb6+ 44. Ke6 gxf5 45. gxf5 Kc4 46. Kxf6 Nd5+ 47. Kf7 Nxb4 48. Bxb4 Kxb4 49. Kg7 a5 50. f6 a4 51. f7 a3 52. f8=Q+ Kb3 1-0

[Event "*** SCC Grand Prix: Titled Tuesday Blitz"]
[Site "Chess.com"]
[Date "2020.09.29"]
[Round "10"]
[White "GelmanAlexander"]
[Black "giantslayer83"]
[Result "0-1"]
[WhiteElo "2533"]
[BlackElo "2698"]
[TimeControl "180+1"]
[EndTime "11:54:23 PDT"]
[Termination "giantslayer83 won by resignation"]

1. d4 Nf6 2. Nc3 d5 3. Bf4 Bf5 4. f3 e6 5. g4 Bg6 6. h4 h6 7.
e3 a6 8. Nge2 c5 9. Qd2 Nc6 10.
Bg3 cxd4 11. exd4 Qb6 12. O-O-O Nb4 13. Nf4 Bxc2 14. Re1 Rc8 15. a3 Na2+ 16. Kxc2 Bxa3 17. Kd1 Bxb2 18. Nxa2 Qb3+ 19. Ke2 Rc2 20. Qxc2 Qxc2+ 21. Ke3 Qb3+ 22. Bd3 Qxa2 23. Re2 Qa3 24. Rb1 Bc1+ 25. Kf2 Bxf4 26. Bxf4 Qxd3 27. Rxb7 O-O 28. g5 Qxd4+ 29.
Be3 Qxh4+ 0-1

[Event "*** SCC Grand Prix: Titled Tuesday Blitz"]
[Site "Chess.com"]
[Date "2020.09.29"]
[Round "10"]
[White "Piotrek1979"]
[Black "krasavetc"]
[Result "1-0"]
[WhiteElo "2452"]
[BlackElo "2324"]
[TimeControl "180+1"]
[EndTime "11:54:24 PDT"]
[Termination "Piotrek1979 won on time"]

1. Nf3 d6 2. g3 Nf6 3. b3 e5 4. c4 Bd7 5. Bb2 Nc6 6. Bg2 Be7 7. d3 O-O 8. Nbd2 Qc8 9. O-O Bh3 10. e4 Bxg2 11.
Kxg2 Nd7 12. d4 exd4 13. Nxd4 Nxd4 14. Bxd4 Bf6 15. Nf3 Bxd4 16. Qxd4 Re8 17. Rfe1 Ne5 18. Nxe5 Rxe5 19. Rad1 Qg4 20. h3 Qg6 21. f4 Re7 22. Qd5 Rb8 23. Re3 b6 24. Rde1 Rbe8 25. Qc6 Kh8 26. R1e2 f5 27. exf5 Rxe3 28. Rxe3 Rxe3 29. fxg6 1-0

[Event "*** SCC Grand Prix: Titled Tuesday Blitz"]
[Site "Chess.com"]
[Date "2020.09.29"]
[Round "10"]
[White "Alindsay211"]
[Black "ExcitingTrap"]
[Result "1-0"]
[WhiteElo "2392"]
[BlackElo "2287"]
[TimeControl "180+1"]
[EndTime "11:54:24 PDT"]
[Termination "Alindsay211 won by resignation"]

1. e4 e6 2. d4 d5 3. e5 c5 4. c3 Nc6 5. Nf3 Bd7 6. a3 Qb6 7. b4 cxb4 8. cxb4 Nh6 9. Bxh6 gxh6 10. Be2 Rg8 11. O-O Rg4 12. h3 Rf4 13. g3 Re4 14.
Nc3 Rxd4 15. Nxd4 Nxd4 16. Qd3 Rc8 17. Bh5 Nc6 18. Qxh7 Nxe5 19. Ne2 Bb5 20. Rfe1 Bd3 21. Qh8 Bxe2 22. Rxe2 Nc4 23. Qf6 Be7 24. Qxf7+ Kd7 25. Rae1 e5 26. Bg4+ Kd8 27. Qg8+ 1-0

[Event "*** SCC Grand Prix: Titled Tuesday Blitz"]
[Site "Chess.com"]
[Date "2020.09.29"]
[Round "10"]
[White "ErikRonka"]
[Black "tk22h"]
[Result "1-0"]
[WhiteElo "2481"]
[BlackElo "2332"]
[TimeControl "180+1"]
[EndTime "11:54:30 PDT"]
[Termination "ErikRonka won by resignation"]

1. e4 e5 2. Nf3 Nc6 3. Bb5 a6 4. Ba4 Nf6 5. O-O Be7 6. Re1 b5 7. Bb3 d6 8. c3 O-O 9. h3 Nd7 10. d3 Nb6 11. Nbd2 Bf6 12. Nf1 g6 13. d4 Bg7 14. Bg5 Qe8 15. Qd2 Na5 16. Bc2 Nac4 17. Qc1 f6 18. Bd2 Nxd2 19. Qxd2 Nc4 20. Qc1 Be6 21.
b3 Nb6 22. Bd3 c5 23. d5 Bd7 24. N3d2 f5 25. c4 Qe7 26. b4 bxc4 27. bxc5 cxd3 28.
cxb6 Rfc8 29. Qa3 Bb5 30. Qb3 Rab8 31. a4 Be8 32. Ne3 fxe4 33. Nxe4 a5 34. Nc4 Rxc4 35.
Qxc4 Rxb6 36. Qxd3 h6 37. Reb1 Qb7 38. Nxd6 Rxb1+ 39. Rxb1 Qd7 40. Nxe8 Qxe8 41. d6 1-0

[Event "*** SCC Grand Prix: Titled Tuesday Blitz"]
[Site "Chess.com"]
[Date "2020.09.29"]
[Round "10"]
[White "tteshan"]
[Black "EvgenyRomanov"]
[Result "0-1"]
[WhiteElo "2396"]
[BlackElo "2625"]
[TimeControl "180+1"]
[EndTime "11:54:38 PDT"]
[Termination "EvgenyRomanov won by resignation"]

1. d4 d5 2. c4 dxc4 3. e3 b5 4. a4 b4 5. Bxc4 e6 6. Qf3 c6 7. Ne2 Nf6 8. O-O Be7 9. Nd2 Bb7 10. b3 Nbd7 11. Bb2 O-O 12. Rac1 Qb8 13. Qh3 c5 14.
Rfd1 cxd4 15. Nxd4 Nc5 16. N2f3 Nfe4 17. Ne5 Qxe5 18. Rc2 Qg5 19. f4 Qh4 20. Qf3 Nc3 21. Qf1 Nxd1 22. Qxd1 Rfd8 23. Qe2 Ne4 24. Nxe6 fxe6 25.
Bxe6+ Kh8 26. Rc7 Bf6 27. Bxf6 Qxf6 28. g4 Qa1+ 29. Kg2 Nc3+ 0-1

[Event "*** SCC Grand Prix: Titled Tuesday Blitz"]
[Site "Chess.com"]
[Date "2020.09.29"]
[Round "10"]
[White "Teidi96"]
[Black "Sergey85Rodchenkov"]
[Result "0-1"]
[WhiteElo "2313"]
[BlackElo "2469"]
[TimeControl "180+1"]
[EndTime "11:54:38 PDT"]
[Termination "Sergey85Rodchenkov won on time"]

1. e4 c5 2. Nf3 d6 3. d4 cxd4 4. Nxd4 Nf6 5. Nc3 a6 6. Be3 e5 7.
Nb3 Be7 8. Qd2 Be6 9. f3 b5 10. O-O-O Qc7 11. Nd5 Bxd5 12. exd5 Nbd7 13. Na5 Nb6 14.
Nc6 Nbxd5 15. Nxe7 Qxe7 16. Bg5 Rd8 17. Bd3 O-O 18.
Rhe1 Qe6 19. Kb1 Rfe8 20. f4 h6 21. Bh4 Nxf4 22. Bf1 Ng6 23. Bf2 d5 24. h3 d4 25.
g4 Qc6 26. g5 hxg5 27. Qxg5 Qf3 28. Bg1 Qf4 29. Qg2 Nd5 30. Bh2 Qf6 31. Qg3 Ne3 32.
Rc1 Rc8 33. Bd3 e4 0-1

[Event "*** SCC Grand Prix: Titled Tuesday Blitz"]
[Site "Chess.com"]
[Date "2020.09.29"]
[Round "10"]
[White "Ze-Pequeno"]
[Black "CM_rui"]
[Result "1-0"]
[WhiteElo "2257"]
[BlackElo "2361"]
[TimeControl "180+1"]
[EndTime "11:54:38 PDT"]
[Termination "Ze-Pequeno won by resignation"]

1. e4 e5 2. Nf3 Nc6 3. Nc3 Nf6 4. d4 exd4 5. Nxd4 d6 6. Be3 Be7 7. Be2 O-O 8. O-O Re8 9. f4 Bf8 10. Bf3 g6 11. Qd2 Bg7 12. Rae1 Ng4 13. Bxg4 Bxg4 14.
f5 Nxd4 15. Bxd4 Bxd4+ 16. Qxd4 gxf5 17. exf5 Qg5 18. Nd5 Rxe1 19. Rxe1 h5 20. Nf6+ Kh8 21. Nxg4+ Kh7 22. Nf6+ Kh6 23. Ne4 Qh4 24. Qe3+ Kh7 25. g3 Qd8 26. Ng5+ Kg8 27. Ne4 f6 28. Qh6 Kf7 29. Qg6+ Kf8 30. Nxf6 1-0

[Event "*** SCC Grand Prix: Titled Tuesday Blitz"]
[Site "Chess.com"]
[Date "2020.09.29"]
[Round "10"]
[White "FairChess_on_YouTube"]
[Black "Zkid"]
[Result "1-0"]
[WhiteElo "2939"]
[BlackElo "2831"]
[TimeControl "180+1"]
[EndTime "11:54:39 PDT"]
[Termination "FairChess_on_YouTube won by resignation"]

1. d4 d5 2. Bg5 c6 3. e3 h6 4. Bh4 Qb6 5. Qc1 Bf5 6. Nf3 Nd7 7. c4 e6 8. Nc3 Ngf6 9. Be2 Be7 10. O-O O-O 11.
c5 Qd8 12. b4 Re8 13. b5 e5 14. bxc6 bxc6 15. Bg3 e4 16. Nd2 Bg4 17. Ba6 Nh5 18. Bb7 Nxg3 19. hxg3 Qc7 20. Bxa8 Rxa8 21. Rb1 h5 22. Qb2 Bf6 23. Qb7 Qxb7 24. Rxb7 Nxc5 25. Rc7 Rc8 26. Rxc8+ Bxc8 27. Nxd5 cxd5 28. Rc1 Bd8 29. Nb3 Kf8 30. Nxc5 Ke7 31. Nxe4 1-0

[Event "*** SCC Grand Prix: Titled Tuesday Blitz"]
[Site "Chess.com"]
[Date "2020.09.29"]
[Round "10"]
[White "KarstenHansch"]
[Black "CrazyMartian"]
[Result "1-0"]
[WhiteElo "2454"]
[BlackElo "2331"]
[TimeControl "180+1"]
[EndTime "11:54:40 PDT"]
[Termination "KarstenHansch won on time"]

1. e4 c5 2. Nc3 Nc6 3. Nf3 e5 4. Bc4 d6 5. d3 Be7 6. h4 Nf6 7. Be3 Nd4 8. Nd5 Nxd5 9. Bxd5 Rb8 10. c3 Nxf3+ 11. Qxf3 O-O 12. Qg3 Kh8 13. h5 h6 14.
f4 exf4 15. Bxf4 Be6 16. Bxe6 fxe6 17. O-O e5 18. Be3 Bf6 19. Rf5 Qe8 20. Raf1 Kh7 21. a4 b6 22. b3 Rb7 23. c4 a5 24. Kf2 Be7 25. Ke2 Rxf5 26. Rxf5 Bf8 27. Qf3 Kg8 28. g4 Rf7 29. g5 hxg5 30. Bxg5 Be7 31.
Be3 Rxf5 32. Qxf5 Qf8 33. Kf3 Qf7 34. Kg4 Bf8 35. Bg5 Qxf5+ 36. Kxf5 Kf7 37. Bd8 Be7 38. Bxb6 1-0

[Event "*** SCC Grand Prix: Titled Tuesday Blitz"]
[Site "Chess.com"]
[Date "2020.09.29"]
[Round "10"]
[White "A-Fier"]
[Black "Xtrmntr78"]
[Result "1-0"]
[WhiteElo "2828"]
[BlackElo "2578"]
[TimeControl "180+1"]
[EndTime "11:54:42 PDT"]
[Termination "A-Fier won on time"]

1. e4 e5 2. Bc4 Nc6 3. d3 Nf6 4. f4 exf4 5. Nf3 d5 6. exd5 Nxd5 7. O-O Be7 8. Bxd5 Qxd5 9. Bxf4 Nd4 10. Nc3 Nxf3+ 11.
Rxf3 Qc6 12. Qd2 Be6 13. Raf1 O-O-O 14. a3 h5 15. b4 h4 16. Be3 h3 17. g3 a6 18. Ne2 Bg4 19. R3f2 Bf6 20. Bg5 Rd6 21.
Bxf6 Rxf6 22. Nd4 Qd5 23. Rxf6 gxf6 24. c3 Re8 25. Qf2 b6 26. c4 Qb7 27. c5 bxc5 28.
bxc5 Qd5 29. c6 Re3 30. Nc2 Re2 31. Nb4 Qd6 32. Qa7 1-0

[Event "*** SCC Grand Prix: Titled Tuesday Blitz"]
[Site "Chess.com"]
[Date "2020.09.29"]
[Round "10"]
[White "Zarinur"]
[Black "OsorioFernando"]
[Result "0-1"]
[WhiteElo "2190"]
[BlackElo "2310"]
[TimeControl "180+1"]
[EndTime "11:54:45 PDT"]
[Termination "OsorioFernando won by resignation"]

1. e4 d5 2. exd5 Nf6 3. d4 Bg4 4.
Be2 Bxe2 5. Nxe2 Qxd5 6. O-O Nc6 7. h3 O-O-O 8. Be3 g5 9. Nbc3 Qf5 10. Ng3 Qg6 11. Qd2 Nxd4 12. Bxd4 e5 13. Nb5 a6 14. Na7+ Kb8 15. Nc6+ bxc6 16. Ba7+ Kc8 17. Qe2 Kb7 18. Be3 Nd5 19. Rfd1 Be7 20. Qc4 f5 21. Bc5 Bxc5 22.
Qxc5 f4 23. Ne2 g4 24. c4 gxh3 25. g3 Nb6 26. Qb4 Qe4 27. Kf1 h2 0-1

[Event "*** SCC Grand Prix: Titled Tuesday Blitz"]
[Site "Chess.com"]
[Date "2020.09.29"]
[Round "10"]
[White "Herracek"]
[Black "MrChampion_Coach"]
[Result "1-0"]
[WhiteElo "2642"]
[BlackElo "2398"]
[TimeControl "180+1"]
[EndTime "11:54:47 PDT"]
[Termination "Herracek won on time"]

1. c4 e5 2. g3 Nf6 3. Bg2 c6 4. Nf3 e4 5. Nd4 d5 6. cxd5 cxd5 7. d3 Bc5 8. Be3 Qb6 9. dxe4 dxe4 10. Nc3 O-O 11. a3 Nc6 12. Na4 Qa5+ 13. b4 Nxb4 14. axb4 Bxb4+ 15. Kf1 Ng4 16. Bf4 e3 17. fxe3 g5 18.
h3 Nf6 19. Nb2 Qb6 20. Bxg5 Nh5 21. Bf4 Bc3 22. Na4 Qa5 23. Nxc3 Qxc3 24. Kf2 Re8 25. Qd3 Qb4 26. Bf3 Nxf4 27. exf4 Qc5 28. e3 Qe7 29.
Rhc1 Be6 30. Nxe6 Qxe6 31. Bg4 Qh6 32. Rc7 1-0

[Event "*** SCC Grand Prix: Titled Tuesday Blitz"]
[Site "Chess.com"]
[Date "2020.09.29"]
[Round "10"]
[White "GMaka"]
[Black "DariaVoit"]
[Result "0-1"]
[WhiteElo "2376"]
[BlackElo "2495"]
[TimeControl "180+1"]
[EndTime "11:54:47 PDT"]
[Termination "DariaVoit won by resignation"]

1. d4 f5 2. Bg5 h6 3. Bh4 c5 4. e3 Qb6 5. Qh5+ g6 6. dxc5 Qxb2 7. Qxg6+ Kd8 8. Qf7 Nf6 9. Bxf6 exf6 10. c3 Be7 11.
Qb3 Qxa1 12. Bd3 a5 13. Ne2 a4 14. Qb6+ Ke8 15. O-O Qxa2 16. Nd4 Nc6 17. Nxf5 Qd5 18. Bc2 Qxc5 19. Qc7 a3 20. Bb3 Ne5 21. Qxc5 Bxc5 22. Nd2 d6 23. Nd4 Bd7 24. Ne4 Ke7 25. Ra1 Rhc8 26.
Ng3 Bxd4 27. cxd4 Nd3 28. h4 Rc1+ 29. Rxc1 Nxc1 0-1

[Event "*** SCC Grand Prix: Titled Tuesday Blitz"]
[Site "Chess.com"]
[Date "2020.09.29"]
[Round "10"]
[White "Quiet_Desperation"]
[Black "rugbyclub"]
[Result "0-1"]
[WhiteElo "2010"]
[BlackElo "2163"]
[TimeControl "180+1"]
[EndTime "11:54:47 PDT"]
[Termination "rugbyclub won by resignation"]

1. e4 e6 2. d4 d5 3. Nd2 c5 4. exd5 Qxd5 5. Ngf3 Nc6 6. dxc5 Qxc5 7. Bd3 Nf6 8. O-O Be7 9. Nb3 Qd5 10. Qe2 O-O 11. Rd1 Qh5 12. h3 Nd5 13. a3 a5 14. c4 Nf6 15.
Bf4 a4 16. Nbd2 b6 17. Ne4 Bb7 18. Ng3 Qc5 19. Be3 Qa5 20. Bd2 Qc5 21. Bc3 Rfd8 22. Ne4 Nxe4 23. Qxe4 g6 24. Qf4 Rd7 25. Qh6 Bf8 26. Qh4 Rad8 27. Qf6 e5 28. Nxe5 Bg7 29. Qxg7+ Kxg7 30. Nxd7+ 0-1

[Event "*** SCC Grand Prix: Titled Tuesday Blitz"]
[Site "Chess.com"]
[Date "2020.09.29"]
[Round "10"]
[White "anon481216"]
[Black "chessdjw"]
[Result "0-1"]
[WhiteElo "2422"]
[BlackElo "2625"]
[TimeControl "180+1"]
[EndTime "11:54:48 PDT"]
[Termination "chessdjw won by resignation"]

1. d4 Nf6 2. c4 g6 3. Nc3 d5 4. Bg5 Bg7 5. Bxf6 Bxf6 6. cxd5 c5 7. dxc6 Bxd4 8. e3 Bxc3+ 9. bxc3 Qxd1+ 10. Rxd1 Nxc6 11. Bb5 Bd7 12. Nf3 f6 13. Nd4 Ne5 14. Bxd7+ Nxd7 15. Nb5 Rc8 16. Nxa7 Rxc3 17. Nb5 Rc2 18.
Rd2 Rc1+ 19. Rd1 Rxd1+ 20. Kxd1 Kf7 21. Kc2 Rc8+ 22. Kb1 Rc5 23. Nd4 Ne5 24. Rd1 Ng4 25. Rd2 Nxh2 26. f3 Nf1 27. Rd3 Ng3 28. e4 h5 29. Rb3 Rc7 30. Rb6 Rd7 31. Ne6 Rd2 32.
Nf4 h4 33. Rxb7 g5 34. Nd5 Rxg2 35. Rxe7+ Kg6 36. Rc7 h3 37. Ne7+ Kh5 38. Nf5 Nxf5 39. exf5 Kh4 0-1

[Event "*** SCC Grand Prix: Titled Tuesday Blitz"]
[Site "Chess.com"]
[Date "2020.09.29"]
[Round "10"]
[White "FMJoseHerrera"]
[Black "Sethu0025"]
[Result "0-1"]
[WhiteElo "2554"]
[BlackElo "2759"]
[TimeControl "180+1"]
[EndTime "11:54:51 PDT"]
[Termination "Sethu0025 won on time"]

1. Nf3 g6 2. g3 Bg7 3. Bg2 c5 4. d3 Nc6 5. Nc3 Nf6 6. h4 d5 7. h5 Nxh5 8. Bg5 h6 9. Bd2 Nf6 10. Qc1 h5 11. Bg5 Bg4 12. O-O d4 13. Nd1 Rc8 14. e4 dxe3 15. Nxe3 Bxf3 16. Bxf3 Nd4 17. Qd1 Qd7 18. c3 Nxf3+ 19. Qxf3 O-O 20. Rad1 b6 21.
Rfe1 Nh7 22. Bh4 g5 23. Nf5 e6 24. Qxh5 exf5 25. Bxg5 Nxg5 26. Qxg5 Rce8 27. Kh2 Re6 28. Kg2 Qc6+ 29. Kg1 Rh6 30. Kf1 Qf3 0-1

[Event "*** SCC Grand Prix: Titled Tuesday Blitz"]
[Site "Chess.com"]
[Date "2020.09.29"]
[Round "10"]
[White "alexrustemov"]
[Black "maximnovik"]
[Result "1-0"]
[WhiteElo "2719"]
[BlackElo "2536"]
[TimeControl "180+1"]
[EndTime "11:54:56 PDT"]
[Termination "alexrustemov won by resignation"]

1. Nf3 Nf6 2. g3 c5 3. Bg2 g6 4. O-O Bg7 5. c4 O-O 6. d4 d5 7. cxd5 Nxd5 8. Nc3 Nxc3 9. bxc3 Qa5 10. Qb3 Nc6 11.
Be3 Qa6 12. dxc5 Be6 13. Qc2 Bc4 14. Rfe1 Rfd8 15. Nd4 Rac8 16. Nxc6 bxc6 17. h4 Qa3 18. Rec1 Bb5 19. Rab1 Qa6 20. Bf3 h5 21. Kg2 Bf6 22. Rb4 Bc4 23. Ra4 Qb5 24. Rb1 a6 25. Rxb5 axb5 26. Ra6 Bd5 27. Bxd5 Rxd5 28. c4 1-0

[Event "*** SCC Grand Prix: Titled Tuesday Blitz"]
[Site "Chess.com"]
[Date "2020.09.29"]
[Round "10"]
[White "Th3_Hound"]
[Black "UmarovSabir"]
[Result "1-0"]
[WhiteElo "2519"]
[BlackElo "2368"]
[TimeControl "180+1"]
[EndTime "11:55:00 PDT"]
[Termination "Th3_Hound won on time"]

1. e4 g6 2. d4 Bg7 3. Nc3 d6 4. Be3 c6 5. a4 a5 6. h3 Na6 7. Nf3 Nb4 8. Bc4 Nf6 9. O-O O-O 10. Bb3 d5 11. e5 Ne8 12. Ne2 f6 13. c3 Na6 14. Qd2 fxe5 15. Nxe5 Nd6 16. Bh6 Ne4 17. Qe3 Nc7 18. f3 Nd6 19. Bxg7 Kxg7 20. Rae1 Nf5 21. Qf2 Ne6 22. g4 Nd6 23. f4 g5 24. Qe3 Ne4 25. f5 Nc7 26. Bc2 h6 27.
Ng6 Rf6 28. Bxe4 1-0

[Event "*** SCC Grand Prix: Titled Tuesday Blitz"]
[Site "Chess.com"]
[Date "2020.09.29"]
[Round "10"]
[White "ehrenfeld"]
[Black "DishonorOnYourCow"]
[Result "1-0"]
[WhiteElo "2521"]
[BlackElo "2402"]
[TimeControl "180+1"]
[EndTime "11:55:01 PDT"]
[Termination "ehrenfeld won by resignation"]

1. e4 c6 2. d4 d5 3. exd5 cxd5 4. Bd3 Nc6 5. c3 Nf6 6. Bf4 Bg4 7. Qb3 Qd7 8. Nd2 e6 9. Ngf3 Na5 10. Qc2 Bd6 11.
Ne5 Bxe5 12. dxe5 Nh5 13. Be3 O-O 14. h3 Bf5 15. g4 Bxd3 16. Qxd3 f6 17. gxh5 fxe5 18.
O-O-O Qa4 19. Kb1 Rad8 20. Qe2 d4 21. cxd4 exd4 22. Bg5 Rde8 23. Ne4 e5 24. h6 Qc6 25.
hxg7 Rf7 26. Rhg1 Nc4 27. Nf6+ Rxf6 28. Bxf6 Qb5 29. Ka1 Re6 30. b3 Rxf6 31. Qxc4+ 1-0

[Event "*** SCC Grand Prix: Titled Tuesday Blitz"]
[Site "Chess.com"]
[Date "2020.09.29"]
[Round "10"]
[White "brunomorado"]
[Black "Resignify"]
[Result "1-0"]
[WhiteElo "2383"]
[BlackElo "2255"]
[TimeControl "180+1"]
[EndTime "11:55:01 PDT"]
[Termination "brunomorado won on time"]

1. d4 Nf6 2. Nc3 g6 3. e4 d6 4. g3 Bg7 5. Bg2 O-O 6. Nge2 e5 7. O-O Nc6 8. h3 Nd7 9. Be3 a6 10. f4 Re8 11. d5 Ne7 12. f5 f6 13. fxg6 hxg6 14.
Qd2 Kh7 15. g4 Ng8 16. Ng3 Bh6 17. g5 Bg7 18. h4 Rf8 19. h5 Nc5 20. hxg6+ Kxg6 21. Qe2 Kf7 22. Qh5+ Ke7 23. Qh7 Rf7 24. g6 Qf8 25.
gxf7 Qxf7 26. Bxc5 dxc5 27. Bh3 Bxh3 28. Qxh3 Nh6 29.
Kf2 Rg8 30. Nf5+ Nxf5 31. Qxf5 Bh6 32. Rg1 Rg5 33. Rxg5 Bxg5 34. Rh1 Kd6 35. Rh7 1-0

[Event "*** SCC Grand Prix: Titled Tuesday Blitz"]
[Site "Chess.com"]
[Date "2020.09.29"]
[Round "10"]
[White "Jospem"]
[Black "Dr-Bassem"]
[Result "1-0"]
[WhiteElo "2960"]
[BlackElo "2792"]
[TimeControl "180+1"]
[EndTime "11:55:02 PDT"]
[Termination "Jospem won on time"]

1. e4 e5 2. Nf3 Nc6 3. Bb5 a6 4. Ba4 Nf6 5. d3 d6 6. c3 g6 7. O-O Bg7 8. h3 O-O 9. Be3 Bd7 10. Nbd2 Kh8 11. d4 Qe8 12. Bc2 Nh5 13. Re1 f5 14. dxe5 f4 15. Bd4 Nxe5 16. Nxe5 dxe5 17. Bc5 Rf6 18. Nf3 b6 19. Ba3 Rd8 20. Qe2 h6 21. Rad1 g5 22. Rd5 g4 23. Rxe5 Qf7 24. Bb3 gxf3 25. Bxf7 fxe2 26. Bxh5 1-0

[Event "*** SCC Grand Prix: Titled Tuesday Blitz"]
[Site "Chess.com"]
[Date "2020.09.29"]
[Round "10"]
[White "PowerThinking2650"]
[Black "HouseOfDurin"]
[Result "1-0"]
[WhiteElo "2375"]
[BlackElo "2161"]
[TimeControl "180+1"]
[EndTime "11:55:02 PDT"]
[Termination "PowerThinking2650 won on time"]

1. e4 c5 2. Nf3 Nc6 3. d4 cxd4 4. Nxd4 e5 5. Nb5 d6 6. N1c3 a6 7. Na3 b5 8. Nd5 Nf6 9. Bg5 Be7 10. Bxf6 Bxf6 11.
c3 O-O 12. Nc2 Rb8 13. h4 h6 14. g3 g6 15. b4 Bg7 16. h5 g5 17. g4 Be6 18.
Nce3 Ne7 19. a4 Nxd5 20. Nxd5 Bxd5 21. Qxd5 Qc8 22. Rh3 Qxg4 23. axb5 axb5 24. Ra7 Qf4 25. Re3 Kh8 26. Bxb5 f5 27. Qxd6 Rxb5 28. Qd7 Rg8 29.
Qxb5 fxe4 30. Qe2 Rf8 31. Ra1 Qh2 32. Qf1 1-0

[Event "*** SCC Grand Prix: Titled Tuesday Blitz"]
[Site "Chess.com"]
[Date "2020.09.29"]
[Round "10"]
[White "Shield12"]
[Black "JoliyRoger"]
[Result "1-0"]
[WhiteElo "2839"]
[BlackElo "2443"]
[TimeControl "180+1"]
[EndTime "11:55:04 PDT"]
[Termination "Shield12 won on time"]

1. e4 c6 2. d4 d5 3. exd5 cxd5 4. Bd3 Nc6 5. c3 g6 6. Bf4 Nh6 7. Nf3 Bg7 8. O-O O-O 9. h3 Nf5 10. Re1 Nd6 11. Nbd2 Re8 12. Ne5 Bf5 13. Bf1 Rc8 14. Nb3 f6 15. Nxc6 bxc6 16. Qf3 e5 17. Be3 Nc4 18.
Bxc4 dxc4 19. Nd2 Qd5 20. dxe5 fxe5 21. Qg3 Bd3 22. b3 cxb3 23. axb3 e4 24. c4 Qe5 25.
Qxe5 Bxe5 26. Rxa7 Ra8 27. Rxa8 Rxa8 28. f3 Bc3 29.
Rd1 Bxd2 30. Rxd2 Ra3 31. Rb2 exf3 32. gxf3 Ra1+ 33. Kf2 Rb1 34. Ra2 Rxb3 35. Ra8+ Kf7 36.
Ra7+ Kg8 37. c5 h5 38. Bd4 Bf5 39. h4 Be6 40. Rg7+ Kf8 41. Rxg6 Bd5 42. Rf6+ Ke7 43. Rf5 Ke6 44. Re5+ Kf7 45. Be3 Rb2+ 46. Kg3 Rb3 47.
Kf4 Rb4+ 48. Kg5 Bxf3 49. Rf5+ Ke6 50. Rxf3 Rg4+ 51. Kxh5 Re4 52. Kg5 1-0

[Event "*** SCC Grand Prix: Titled Tuesday Blitz"]
[Site "Chess.com"]
[Date "2020.09.29"]
[Round "10"]
[White "Ginger_GM"]
[Black "Mikhail_Golubev"]
[Result "1-0"]
[WhiteElo "2706"]
[BlackElo "2478"]
[TimeControl "180+1"]
[EndTime "11:55:06 PDT"]
[Termination "Ginger_GM won by resignation"]

1. c4 g6 2. Nc3 Bg7 3. g3 e5 4. Bg2 d6 5. e4 Nc6 6. Nge2 Nge7 7. d3 O-O 8. O-O f5 9. Nd5 Be6 10. Be3 Qd7 11. Qd2 Rf7 12. f3 Raf8 13. b4 f4 14.
gxf4 exf4 15. Nexf4 Bxa1 16. Rxa1 Ne5 17. Rf1 c6 18. Nxe6 Qxe6 19. Nxe7+ Qxe7 20. Bg5 Qe6 21. f4 Qg4 22. Bh6 Re8 23. fxe5 Rxe5 24. Rxf7 Kxf7 25. Qf4+ Qxf4 26. Bxf4 Rh5 27. Bf3 Rh3 28. Kg2 Rxf3 29. Kxf3 1-0

[Event "*** SCC Grand Prix: Titled Tuesday Blitz"]
[Site "Chess.com"]
[Date "2020.09.29"]
[Round "10"]
[White "JiiHart"]
[Black "pavelalexandru07"]
[Result "0-1"]
[WhiteElo "2064"]
[BlackElo "2215"]
[TimeControl "180+1"]
[EndTime "11:55:06 PDT"]
[Termination "pavelalexandru07 won by resignation"]

1. e4 e5 2. Nf3 Nc6 3. d4 exd4 4. Nxd4 Nf6 5. Nc3 Bc5 6. Be3 Bxd4 7. Bxd4 Nxd4 8.
Qxd4 O-O 9. O-O-O d6 10. f3 Be6 11. g4 a6 12. h4 b5 13. a3 Qe7 14. h5 Rfd8 15. g5 Ne8 16. f4 c5 17. Qg1 b4 18.
axb4 cxb4 19. Nd5 Bxd5 20. exd5 a5 21. Bd3 a4 22. g6 a3 23. gxh7+ Kh8 24. bxa3 bxa3 25.
h6 a2 26. Kd2 Qf6 27. hxg7+ Nxg7 28. Qg5 Qd4 29. Rhg1 Re8 30. Qxg7+ Qxg7 31. Rxg7 Kxg7 32. Rg1+ Kh8 33. Ra1 Reb8 34. Kc3 Rb1 0-1

[Event "*** SCC Grand Prix: Titled Tuesday Blitz"]
[Site "Chess.com"]
[Date "2020.09.29"]
[Round "10"]
[White "aNaartjieZA"]
[Black "ChessSkool"]
[Result "0-1"]
[WhiteElo "2511"]
[BlackElo "2699"]
[TimeControl "180+1"]
[EndTime "11:55:09 PDT"]
[Termination "ChessSkool won by resignation"]

1. e4 c6 2. d3 d5 3. Nd2 dxe4 4. dxe4 g6 5. Ngf3 Bg7 6. Bc4 Nf6 7. O-O O-O 8. Re1 b5 9. Bb3 Na6 10. a3 Nc5 11. e5 Nd5 12. Ba2 h6 13. c4 Nf4 14. Nf1 Ncd3 15. Re4 Nxc1 16. Qxc1 g5 17. cxb5 cxb5 18. Rxf4 gxf4 19. Qxf4 Qd7 20. Ng3 Qg4 21.
Qe3 Be6 22. h3 Qa4 23. Bb1 Rfd8 24. Bf5 Rd1+ 25. Rxd1 Qxd1+ 26. Kh2 Qd7 27. Qe4 Rd8 28. Nh4 Qd4 29. Bxe6 fxe6 30. Qg6 Qxh4 31. Qxe6+ Kh8 32. Qc6 Bxe5 0-1

[Event "*** SCC Grand Prix: Titled Tuesday Blitz"]
[Site "Chess.com"]
[Date "2020.09.29"]
[Round "10"]
[White "eljanov"]
[Black "Goryachkina"]
[Result "1-0"]
[WhiteElo "2820"]
[BlackElo "2657"]
[TimeControl "180+1"]
[EndTime "11:55:10 PDT"]
[Termination "eljanov won by resignation"]

1. e4 e6 2. d4 d5 3. e5 c5 4. c3 Nc6 5. Nf3 Nge7 6. dxc5 Ng6 7. b4 Ncxe5 8. Nxe5 Nxe5 9. Be3 Be7 10. Nd2 O-O 11. Be2 Bf6 12. O-O Bd7 13. Bd4 Nc6 14. Bxf6 Qxf6 15.
Qb3 Rfd8 16. Rac1 e5 17. Rfd1 Be6 18. b5 Ne7 19. c4 d4 20. Bf3 Rab8 21. Qa3 a6 22. c6 bxc6 23. Ne4 Qh4 24. g3 Qh6 25. Qxe7 cxb5 26. cxb5 axb5 27. a3 Re8 28. Qg5 Qxg5 29. Nxg5 Bc4 30. Ne4 Red8 31. Nd2 Be6 32. Rc5 f6 33.
Rb1 Bd7 34. Rc7 Kf8 35. Rbc1 b4 36. axb4 Rxb4 37. Ra7 f5 38. Rcc7 Ke8 39. Rxd7 1-0